 Dungeon Crawl Stone Soup version 0.31.0-11-ge490571c62 (webtiles) character file.

Game seed: 4691675448621557780

15514 solopath the Bludgeoner (level 12, -5/133 HPs)
             Began as an Oni Berserker on Jan 29, 2024.
             Was a High Priest of Trog.
             Killed by an exploding howler monkey (11 damage)
             ... ignited by their inner flame
             ... on level 12 of the Dungeon.
             The game lasted 00:18:51 (9957 turns).

solopath the Bludgeoner (Oni Berserker)             Turns: 9957, Time: 00:18:52

Health: -5/133     AC:  5    Str: 28    XL:     12   Next: 27%
Magic:  3/12       EV: 15    Int:  8    God:    Trog [*****.]
Gold:   804        SH:  0    Dex:  8    Spells: 11/11 levels left

rFire   + . .        D - +7 flail (freeze)
rCold   . . .        (no shield)
rNeg    . . .        t - +2 robe
rPois   .            (helmet restricted)
rElec   .            (no cloak)
rCorr   .            (gloves unavailable)
SInv    .            (boots unavailable)
Will    +....        q - amulet of regeneration
Stlth   +            z - ring of protection from fire
HPRegen 1.22/turn    J - +5 ring of evasion
MPRegen 0.13/turn

%: clarity
@: no status effects
A: large, unfitting armour, horns 1, tough skin 1, double potion healing,
drunken brawling, hooves 1, clarity, sense surroundings 1
a: Renounce Religion, Berserk, Trog's Hand, Brothers in Arms


You were on level 12 of the Dungeon.
You worshipped Trog.
Trog was extremely pleased with you.
You visited 2 branches of the dungeon, and saw 13 of its levels.
You also visited: Bailey.

You collected 1331 gold pieces.
You spent 527 gold pieces at shops.

Inventory:

Hand Weapons
 D - a +7 flail of freezing (weapon)
 L - a +5 eveningstar of venom
Missiles
 i - a silver javelin
 p - 2 large rocks (quivered)
 r - a curare-tipped dart
 I - 13 boomerangs
Armour
 t - a +2 robe (worn)
Jewellery
 n - a ring of protection from cold
 q - an amulet of regeneration (around neck)
 z - a ring of protection from fire (left hand)
 J - a +5 ring of evasion (right hand)
Wands
 b - a wand of flame (34)
 E - a wand of mindburst (13)
Scrolls
 a - a scroll of fog
 c - a scroll of identify
 d - 2 scrolls of revelation
 h - a scroll of brand weapon
 k - a scroll of immolation
 l - 3 scrolls of summoning
 m - 4 scrolls of enchant armour
 s - a scroll of blinking
 w - a scroll of poison
 x - 2 scrolls of noise
 y - 9 scrolls of teleportation
 A - a scroll of torment
Potions
 e - 7 potions of brilliance
 f - 4 potions of heal wounds
 g - 2 potions of attraction
 j - a potion of resistance
 o - 2 potions of lignification
 u - 8 potions of might
 v - 5 potions of enlightenment
 B - 4 potions of magic
 C - a potion of curing
 F - a potion of mutation
 G - a potion of invisibility {unknown}
 H - 2 potions of haste
 K - a potion of ambrosia {unknown}


   Skills:
 + Level 12.5 Fighting
 * Level 15.0 Maces & Flails
 - Level 8.8 Throwing
 + Level 1.8 Armour
 - Level 2.6 Dodging


You had 11 spell levels left.
You didn't know any spells.
Your spell library was empty.

Dungeon Overview and Level Annotations

Branches:
Dungeon (12/15)            Temple (1/1) D:6            Lair (0/5) D:9
    Orc (0/2) D:12         Bailey (visited)

Altars:
Ashenzari
Cheibriados
Dithmenos
Elyvilon
Fedhas
Gozag
Hepliaklqana
Kikubaaqudgha
Makhleb
Nemelex Xobeh
Okawaru
Qazlal
Ru
Sif Muna
Trog
Uskayaw
Vehumet
Wu Jian
Xom
Yredelemnul
Zin
The Shining One

Shops:
D:3 ([   D:4 !   D:5 :??(:

Annotations:
D:12 Azrael, Maurice, Sonja
Temple 2 transporters


Innate Abilities, Weirdness & Mutations

You are too large for most types of armour.
You have a pair of small horns on your head.
You have tough skin. (AC +1)
You gain doubled healing and magic from potions.
Whenever you drink a healing potion, you attack all around you.
You have large cloven feet.
You possess an exceptional clarity of mind.
You passively map a small area around you.


Message History

You thump the vampire mosquito!
Flame seeps out of the vampire mosquito.
You freeze the vampire mosquito!
Flame seeps out of the vampire mosquito.
You kick the vampire mosquito, but do no damage.
The vampire mosquito is almost destroyed.
The vampire mosquito is engulfed in blazing flames.
Trog accepts your kill.
The vampire mosquito explodes!
The fiery explosion engulfs the vampire mosquito!!
Flame seeps out of the vampire mosquito.
The vampire mosquito is almost destroyed.
The fiery explosion engulfs the vampire mosquito!!
Flame seeps out of the vampire mosquito.
The vampire mosquito is severely damaged.
The fiery explosion engulfs the howler monkey!!
Trog accepts your kill.
The fiery explosion engulfs the centaur!!
Trog accepts your kill. The fiery explosion engulfs you! You resist.
The fiery explosion engulfs the orc wizard!!
Trog accepts your kill.
Trog appreciates your killing of a magic user.
The orc wizard explodes!
The fiery explosion engulfs you!! You resist.
* * * LOW HITPOINT WARNING * * *
The centaur explodes!
The fiery explosion engulfs the vampire mosquito!!
Trog accepts your kill.
The vampire mosquito explodes!
The fiery explosion engulfs the vampire mosquito!!
Trog accepts your kill. The fiery explosion engulfs you! You resist.
* * * LOW HITPOINT WARNING * * *
The vampire mosquito explodes!
The fiery explosion engulfs you! You resist.
* * * LOW HITPOINT WARNING * * *
The howler monkey explodes!
The fiery explosion engulfs you! You resist.
You die...

.............###
, ,
............#. ,
, #..........., ,
*#.....W..... .#
* #...$.....# ...
#...<§§§..#.§# ,
* ##...§§§§....#
, ###.§§○§§...# ,
#...§§@§##.....
*##..§§.§§......,
,
#?...#..........
, .....#...{§.##.
.. ,
..#........... *
..
,....##...##...#.
.. , ..... ...O.
.. , .#.... .....
, , .. , #.


You could see a two-headed ogre and a wraith.

Vanquished Creatures
  A boulder beetle (D:12)
  3 two-headed ogres
  An orc knight (Bailey)
  2 manticores
  2 unseen horrors
  A komodo dragon (D:10)
  A troll (D:10)
  Psyche (D:8)
  3 wraiths
  A vampire (D:12)
  18 yaks
  2 wyverns
  3 fire elementals (D:11)
  A steam dragon (D:7)
  3 vampire mosquitoes (D:12)
  4 acid dragons (D:9)
  3 hell hounds
  A water moccasin (D:5)
  11 orc warriors
  2 black bears
  2 sky beasts (D:8)
  2 ogres
  2 ice beasts
  A laughing skull (D:9)
  6 centaurs
  4 kobold brigands
  Blork the orc (D:5)
  5 bullfrogs
  A gnoll sergeant (D:9)
  A scorpion (D:6)
  12 wights
  8 killer bees
  5 howler monkeys
  2 bombardier beetles
  A hound (D:6)
  4 jellies
  4 orc priests
  A gnoll bouda (D:6)
  3 sleepcaps
  6 iguanas
  Terence (D:2)
  11 orc wizards
  6 gnolls
  6 adders
  2 white imps
  6 ufetubi
  2 dart slugs
  59 orcs
  8 ball pythons
  4 bats
  5 endoplasms
  6 giant cockroaches
  7 hobgoblins
  5 jackals (D:2)
  18 kobolds
  3 quokkas
  4 frilled lizards
  8 goblins
  10 rats
306 creatures vanquished.

Vanquished Creatures (collateral kills)
  3 yaks (D:8)
  An orc warrior (Bailey)
  An orc (D:12)
  3 goblins (D:8)
8 creatures vanquished.

Vanquished Creatures (others)
  5 dream sheep (D:4)
5 creatures vanquished.

Grand Total: 319 creatures vanquished

Notes
Turn   | Place    | Note
-------+----------+-------------------------------------------
     0 | D:1      | solopath the Oni Berserker began the quest for the Orb.
     0 | D:1      | Reached XP level 1. HP: 24/24 MP: 1/1
   116 | D:1      | Reached XP level 2. HP: 29/32 MP: 2/2
   235 | D:1      | Reached skill level 4 in Maces & Flails
   327 | D:1      | Reached XP level 3. HP: 39/39 MP: 3/3
   658 | D:1      | Reached ** piety under Trog
  1161 | D:2      | Reached XP level 4. HP: 41/48 MP: 4/4
  1339 | D:2      | Reached skill level 5 in Maces & Flails
  1421 | D:2      | Noticed Terence
  1426 | D:2      | Killed Terence
  1716 | D:2      | Reached XP level 5. HP: 54/54 MP: 5/5
  2184 | D:3      | Found Moebikh's Antique Weapon Boutique.
  2384 | D:3      | Reached skill level 6 in Maces & Flails
  2516 | D:3      | Found Uniamysch's Antique Armour Emporium.
  2526 | D:3      | Bought a runed robe for 88 gold pieces
  2776 | D:4      | Found Beckouve's Distillery.
  2782 | D:4      | Bought a potion of might for 48 gold pieces
  2927 | D:4      | Reached *** piety under Trog
  2966 | D:4      | Reached XP level 6. HP: 22/62 MP: 6/6
  3078 | D:4      | Reached skill level 7 in Maces & Flails
  3222 | D:4      | Noticed a dream sheep
  3222 | D:4      | Noticed a dream sheep
  3222 | D:4      | Noticed a dream sheep
  3222 | D:4      | Noticed a dream sheep
  3222 | D:4      | Noticed a dream sheep
  3222 | D:4      | Found a shimmering altar of Xom.
  3225 | D:4      | Killed a dream sheep
  3225 | D:4      | Killed a dream sheep
  3225 | D:4      | Killed a dream sheep
  3225 | D:4      | Killed a dream sheep
  3225 | D:4      | Killed a dream sheep
  3535 | D:5      | Entered Level 5 of the Dungeon
  3535 | D:5      | Noticed a black bear
  3535 | D:5      | Found Wupnoh's Book Emporium.
  3542 | D:5      | Killed a black bear
  3543 | D:5      | Reached XP level 7. HP: 70/70 MP: 7/7
  3619 | D:5      | Found Fiskih's Weapon Emporium.
  3727 | D:5      | Reached skill level 8 in Maces & Flails
  3781 | D:5      | Identified the +2 rapier "Jellybane" {holy, rPois rCorr}
  3865 | D:5      | Reached skill level 1 in Throwing
  4016 | D:5      | Found a basalt altar of Yredelemnul.
  4074 | D:5      | Found Mausurea's Magic Scroll Shop.
  4090 | D:5      | Bought a scroll of identify for 26 gold pieces
  4090 | D:5      | Bought a scroll of revelation for 97 gold pieces
  4137 | D:5      | Found an iron altar of Okawaru.
  4145 | D:5      | Found a blossoming altar of Fedhas.
  4295 | D:5      | Noticed Blork the orc
  4307 | D:5      | Killed Blork the orc
  4308 | D:5      | Reached skill level 5 in Fighting
  4308 | D:5      | Reached XP level 8. HP: 59/80 MP: 8/8
  4382 | D:5      | Found Titocym's Magic Scroll Emporium.
  4479 | D:5      | Found Enekh's Book Boutique.
  4524 | D:5      | Found a white marble altar of Elyvilon.
  4775 | D:6      | Found a staircase to the Ecumenical Temple.
  4782 | Temple   | Found a transporter.
  4782 | Temple   | Found a transporter.
  4782 | Temple   | Found a transporter.
  4782 | Temple   | Found a transporter.
  4782 | Temple   | Entered the Ecumenical Temple
  4923 | D:6      | Reached skill level 9 in Maces & Flails
  5243 | D:6      | Found a stormy altar of Qazlal.
  5243 | D:6      | Found a sparkling altar of Nemelex Xobeh.
  5255 | D:6      | Found a radiant altar of Vehumet.
  5258 | D:6      | Found a snail-covered altar of Cheibriados.
  5260 | D:6      | Found a glowing silver altar of Zin.
  5266 | D:6      | Found an ancient bone altar of Kikubaaqudgha.
  5437 | D:7      | Reached skill level 10 in Maces & Flails
  5437 | D:7      | Reached XP level 9. HP: 86/92 MP: 9/9
  5730 | D:7      | Found a broken altar of Ashenzari.
  5734 | D:7      | Reached **** piety under Trog
  6151 | D:8      | Noticed Psyche
  6159 | D:8      | Killed Psyche
  6171 | D:8      | Reached skill level 5 in Throwing
  6181 | D:8      | Gained mutation: You have large cloven feet. [potion of
                  | mutation]
  6181 | D:8      | Gained mutation: You passively map a small area around you.
                  | [potion of mutation]
  6181 | D:8      | Gained mutation: You possess an exceptional clarity of
                  | mind. [potion of mutation]
  6214 | D:8      | Reached skill level 11 in Maces & Flails
  6324 | D:8      | Found a flagged portal.
  6329 | Bailey   | Entered a bailey
  6434 | Bailey   | Reached XP level 10. HP: 80/106 MP: 10/10
  6678 | Bailey   | Noticed an orc knight
  6690 | Bailey   | Killed an orc knight
  6691 | Bailey   | Reached skill level 12 in Maces & Flails
  6971 | D:8      | Reached ***** piety under Trog
  7307 | D:9      | Found a staircase to the Lair.
  7350 | D:9      | Reached skill level 10 in Fighting
  7575 | D:9      | Noticed a two-headed ogre
  7725 | D:9      | Reached skill level 13 in Maces & Flails
  7725 | D:9      | Reached XP level 11. HP: 85/119 MP: 11/11
  8018 | D:9      | Noticed a manticore
  8171 | D:9      | Killed a manticore
  8175 | D:9      | Killed a two-headed ogre
  8273 | D:9      | Identified a scroll of acquirement
  8273 | D:9      | Acquired 607 gold pieces
  8396 | D:5      | Bought a scroll of identify for 26 gold pieces
  8396 | D:5      | Bought 2 scrolls of teleportation for 78 gold pieces
  8396 | D:5      | Bought a scroll of poison for 52 gold pieces
  8396 | D:5      | Bought a scroll of teleportation for 39 gold pieces
  8396 | D:5      | Bought a scroll of noise for 13 gold pieces
  8443 | D:5      | Bought a scroll of fog for 60 gold pieces
  8531 | D:10     | Entered Level 10 of the Dungeon
  8642 | D:10     | Found a glowing golden altar of the Shining One.
  8683 | D:10     | Reached skill level 14 in Maces & Flails
  8769 | D:10     | Noticed a two-headed ogre
  8777 | D:10     | Killed a two-headed ogre
  9343 | D:11     | Noticed a two-headed ogre
  9351 | D:11     | Killed a two-headed ogre
  9352 | D:11     | Reached XP level 12. HP: 116/132 MP: 12/12
  9361 | D:11     | Received a gift from Trog
  9765 | D:12     | Noticed Azrael
  9765 | D:12     | Noticed a boulder beetle
  9765 | D:12     | Found a staircase to the Orcish Mines.
  9774 | D:11     | Reached skill level 1 in Armour
  9821 | D:12     | Noticed a boulder beetle
  9837 | D:12     | Killed a boulder beetle
  9838 | D:12     | Noticed Sonja
  9904 | D:11     | Reached skill level 15 in Maces & Flails
  9946 | D:12     | Noticed Maurice
  9951 | D:12     | Something stole 4 silver javelins
  9954 | D:12     | Noticed a two-headed ogre
  9957 | D:12     | HP: 6/133 [spore (7)]
  9957 | D:12     | Killed by an exploding howler monkey... ignited by their
                  | inner flame

Illustrated notes

Levels and vault maps discovered:
D:1:      dpeg_arrival_connections, layout_basic
D:2:      layout_loops_corners, cheibrodos_gnoll_hut, uniq_terence
D:3:      minmay_general_purpose_star, layout_rooms, serial_corexii_hall,
          corexii_hall_statues_l, corexii_hall_statues_x,
          corexii_hall_statues_deadend, corexii_hall_statues_i, serial_shops,
          nicolae_shop_competitors_out_of_business,
          nicolae_shop_window_shopping, amethyst_killhole
D:4:      layout_loops_ring, kb_xom_exploding_sheep, serial_shops,
          nicolae_shop_trees
D:5:      layout_loops_ring, kennysheep_ying_yang,
          mainiacjoe_overflow_big_doors, serial_shops, kennysheep_little_box,
          nicolae_stop_n_shop_2, shop, nicolae_shop_hallway_stairs,
          nicolae_shop_pleasant_corner_grove, st_stairs_14, patterned_corridor,
          uniq_blork_the_orc
D:6:      layout_loops_cross, nicolae_overflow_hallway_of_the_gods,
          minmay_temple_entry_slanted
D:7:      layout_loops_ring, ashenzari_altar_1, lightli_orcish_oven
D:8:      layout_rooms, enter_bailey_3, chequers_serial_rivers_room_b,
          uniq_psyche
D:9:      kennysheep_windowed_halls, layout_rooms, lair_entry_dummy,
          corexii_checkpoint, minmay_misc_feat_nine_boxes,
          chequers_serial_rivers_small_b
D:10:     layout_roguey, mainiacjoe_overflow_cross_hatched
D:11:     layout_roguey
D:12:     layout_cave_pools, orc_0_dummy, serial_shops,
          nicolae_shop_overgrown_old_shop, uniq_maurice, uniq_sonja, uniq_azrael
Temple:   hellmonk_temple_divided_pantheon

Skill      XL: |  1  2  3  4  5  6  7  8  9 10 11 12 |
---------------+-------------------------------------+-----
Maces & Flails | 4 5 6 7 8 10 11 13 14 15 | 15.0
Throwing       | 1 3 5 7 8 |  8.8
Fighting       | 5 6 8 10 12 | 12.5
Armour         | 1 |  1.8
Dodging        | |  2.6

Action                     |  1- 3 |  4- 6 |  7- 9 | 10-12 || total
---------------------------+-------+-------+-------+-------++-------
  Melee: Mace              |    83 |   145 |   119 |       ||   347
         Headbutt          |     9 |    20 |    38 |    69 ||   136
         Punch             |       |     1 |     3 |     3 ||     7
         Flail             |       |       |   148 |   370 ||   518
         Kick              |       |       |     7 |    90 ||    97
         Eveningstar       |       |       |       |    10 ||    10
  Throw: Large rock        |       |     2 |    11 |    10 ||    23
         Throwing net      |       |       |     1 |       ||     1
         Dart              |       |       |       |     2 ||     2
 Invoke: Berserk           |       |     4 |     6 |     8 ||    18
         Brothers in Arms  |       |       |     1 |     1 ||     2
  Evoke: Wand              |       |       |       |     1 ||     1
    Use: Scroll            |       |       |     9 |    22 ||    31
         Potion            |       |       |     1 |       ||     1
   Stab: Distracted        |       |       |       |     2 ||     2
 Armour: Animal skin       |    60 |    46 |       |       ||   106
         Robe              |       |    41 |   230 |   308 ||   579
  Dodge: Dodged            |    37 |    95 |   162 |   193 ||   487
